 Dungeon Crawl Stone Soup version 0.27-a0-1135-g81dfa19a63 (webtiles) character file.

Game seed: 1298648133084651104

3179 DarkShadow the Carver (level 9, -2/80 HPs)
             Began as a Minotaur Fighter on May 4, 2021.
             Was an Initiate of Gozag.
             Slain by Harold
             ... wielding a +0 short sword
              (5 damage)
             ... on level 7 of the Dungeon.
             The game lasted 00:16:27 (7961 turns).

DarkShadow the Carver (Minotaur Fighter)            Turns: 7961, Time: 00:16:28

Health: -2/80      AC: 12    Str: 24    XL:     9   Next: 63%
Magic:  8/8        EV: 11    Int:  5    God:    Gozag
Gold:   651        SH: 14    Dex: 13    Spells: 8/8 levels left

rFire    + . .     SeeInvis +   v - +9 sword of Zonguldrok {reap}
rCold    + . .     Faith    .   c - +2 kite shield
rNeg     . . .     Spirit   .   r - +4 ring mail
rPois    +         Reflect  .   (helmet restricted)
rElec    +         Harm     .   (no cloak)
rCorr    +         Rampage  .   (no gloves)
Will     .....                  p - +0 pair of boots of Viesipt {rElec rPois Dex+3}
Stlth    +.........             (no amulet)
HPRegen  0.23/turn              e - ring of see invisible
MPRegen  0.11/turn              i - +4 ring of slaying

@: resistant, marked, gold aura
A: horns 2, retaliatory headbutt
a: Renounce Religion, Potion Petition, Call Merchant, Bribe Branch


You were on level 7 of the Dungeon.
You worshipped Gozag.
Gozag was pleased with you.
You visited 2 branches of the dungeon, and saw 9 of its levels.
You also visited: Sewer.

You collected 690 gold pieces.
You paid 39 gold pieces to Gozag.

Inventory:

Hand Weapons
 a - a +0 long sword
 v - the +9 sword of Zonguldrok (weapon) {reap}
   (You acquired it on level 7 of the Dungeon)

   If a monster killed with it leaves a corpse in good enough shape, the corpse
   is reanimated as a zombie friendly to the killer.
 C - a +3 long sword
Missiles
 k - a throwing net (quivered)
 l - 9 curare-tipped darts
Armour
 b - a +0 scale mail
 c - a +2 kite shield (worn)
 p - the +0 pair of boots of Viesipt (worn) {rElec rPois Dex+3}
   (You found it on level 4 of the Dungeon)

   It affects your dexterity (+3).
   It insulates you from electricity.
   It protects you from poison.
 r - a +4 ring mail (worn)
Jewellery
 e - a ring of see invisible (left hand)
 g - a +4 ring of evasion
 i - a +4 ring of slaying (right hand)
Wands
 j - a wand of flame (27)
 E - a wand of iceblast (3)
Scrolls
 m - 3 scrolls of teleportation
 n - 3 scrolls of magic mapping
 o - 2 scrolls of fear
 u - 2 scrolls of immolation
 z - 2 scrolls of vulnerability
Potions
 d - a potion of might
 h - a potion of berserk rage {unknown}
 q - 3 potions of magic
 s - a potion of curing {unknown}
 t - 5 potions of flight
 x - a potion of degeneration {unknown}
 A - 2 potions of haste


   Skills:
 + Level 7.6 Fighting
 + Level 10.1 Long Blades
 + Level 7.5 Armour
 - Level 3.7 Dodging
 - Level 0.3 Stealth
 + Level 8.5 Shields


You had 8 spell levels left.
You didn't know any spells.
Your spell library contained the following spells:

 Spells                   Type           Power      Damage    Failure   Level
 Sting                    Tmut/Pois      0%         1d3       88%         1
 Poisonous Vapours        Pois/Air       0%         N/A       95%         2
 Ignite Poison            Fire/Tmut/Pois 0%         N/A       99%         3
 Mephitic Cloud           Conj/Pois/Air  0%         N/A       99%         3
 Olgreb's Toxic Radiance  Pois           0%         N/A       100%        4


Dungeon Overview and Level Annotations

Branches:
Dungeon (8/15)             Temple (1/1) D:5           Sewer (visited)
   Lair: D:8-11

Altars:
Ashenzari
Elyvilon
Fedhas
Gozag
Nemelex Xobeh
Ru
Sif Muna
Trog
Uskayaw
Vehumet
Wu Jian
Xom
The Shining One

Shops:
D:6 [

Annotations:
D:7 Harold


Innate Abilities, Weirdness & Mutations

You have a pair of horns on your head.
You reflexively headbutt those who attack you in melee.


Message History

Harold hits you with a +0 short sword. The orc completely misses you.
You struggle against the net.
Harold hits you with a +0 short sword! The orc barely misses you.
You rip the net and break free!
Harold barely misses you. You furiously retaliate!
You headbutt Harold, but do no damage.
An orc comes into view. It is wielding a +0 dagger.
The orc closely misses you.
You slash Harold! You headbutt Harold.
Harold is heavily wounded.
You block Harold's attack.
The orc wizard hits you but does no damage.
The orc priest mumbles some strange prayers to Beogh against you.
Beogh smites you!
* * * LOW HITPOINT WARNING * * *
The orc hits you but does no damage. Harold closely misses you.
You riposte.
You slash Harold! You headbutt Harold!
Harold is severely wounded.
The orc wizard hits you but does no damage.
You block the orc's attack. You block Harold's attack.
You climb upwards.
There is a stone staircase leading down here.
You slash the orc wizard! You headbutt the orc wizard.
The orc wizard is almost dead.
You block the orc wizard's attack. You block Harold's attack.
The orc wizard closely misses you.
You barely miss the orc wizard.
The orc wizard is almost dead.
Harold casts a spell at you. The mark upon you grows brighter.
The orc wizard casts a spell at you. The magic dart hits you!
* * * LOW HITPOINT WARNING * * *
You slice the orc wizard!!
You kill the orc wizard!
Harold hits you with a +0 short sword!
* * * LOW HITPOINT WARNING * * *
Harold says, "Listen, it's nothing personal.
It's just a job."
Harold hits you with a +0 short sword.
You die...
Your body crumbles into a pile of gold.

........# #............##
.###)#### ##......####.#####
.###<#######...............##
...[.[)....................^##
....)[...###.................#
.........# #.................#
.........#####........[......#
##...#....#..........[.......#
............###@@............#
..######........>...........##
..# ##..................## .##
##.........#######.# ##
#.........# #.#
##........##### #.#
#............###.#
#........###...#.## #........#
###....#


You could see Harold.

Vanquished Creatures
  6 yaks (D:7)
  A water moccasin (D:6)
  A black bear (D:5)
  An ogre (D:7)
  A sky beast (D:6)
  A necrophage (D:7)
  A phantom (D:5)
  4 kobold brigands
  2 bullfrogs (D:7)
  2 scorpions
  A water moccasin skeleton (D:6)
  4 wights (D:7)
  2 jellies (D:4)
  A centaur zombie (D:6)
  A bullfrog skeleton (D:4)
  4 hounds
  2 centaur skeletons
  Natasha (thrice) (D:2)
  6 iguanas
  2 orc wizards (D:7)
  3 killer bee zombies
  A hound zombie (D:5)
  3 hound skeletons
  A howler monkey zombie (D:5)
  Robin (D:2)
  6 gnolls
  A howler monkey skeleton (D:5)
  2 river rats (Sewer)
  11 adders
  A shadow imp (D:6)
  A white imp (D:7)
  An ufetubus (D:5)
  An adder skeleton (D:4)
  6 worms
  2 dart slugs
  13 orcs
  5 endoplasms
  7 giant cockroaches
  15 goblins
  8 hobgoblins
  18 jackals
  A quokka (D:2)
  8 ball pythons
  7 bats
  5 frilled lizards
  12 kobolds
  7 rats
193 creatures vanquished.

Notes
Turn   | Place    | Note
-------+----------+-------------------------------------------
     0 | D:1      | DarkShadow the Minotaur Fighter began the quest for the
                  | Orb.
     0 | D:1      | Reached XP level 1. HP: 19/19 MP: 0/0
   134 | D:1      | Reached XP level 2. HP: 27/27 MP: 1/1
   345 | D:1      | Found a faded altar of an unknown god.
   640 | D:1      | Reached XP level 3. HP: 33/33 MP: 2/2
   982 | D:2      | Noticed Natasha
   983 | D:2      | Noticed Robin
  1048 | D:1      | HP: 1/49 [poisoned by an adder]
  1053 | D:1      | HP: 1/49 [adder (1)]
  1063 | D:1      | Reached skill level 1 in Dodging
  2177 | D:2      | Reached XP level 4. HP: 28/41 MP: 3/3
  2179 | D:2      | Killed Robin
  2372 | D:2      | Killed Natasha
  2373 | D:2      | Reached skill level 3 in Long Blades
  2552 | D:2      | Noticed Natasha
  2555 | D:2      | Killed Natasha
  2556 | D:2      | Reached XP level 5. HP: 47/47 MP: 4/4
  2592 | D:2      | Noticed Natasha
  2599 | D:2      | Killed Natasha
  2662 | D:2      | Found a broken altar of Ashenzari.
  2720 | D:2      | Reached skill level 4 in Long Blades
  3332 | D:3      | Reached skill level 5 in Armour
  3335 | D:3      | Reached XP level 6. HP: 55/55 MP: 5/5
  3648 | D:4      | Reached skill level 5 in Fighting
  3706 | D:4      | Identified the +0 pair of boots of Viesipt {rElec rPois
                  | Dex+3}
  3902 | D:4      | Found a glowing drain.
  3913 | Sewer    | Entered a sewer
  4057 | Sewer    | Reached skill level 5 in Long Blades
  4063 | Sewer    | Reached skill level 5 in Shields
  4063 | Sewer    | Reached XP level 7. HP: 52/62 MP: 6/6
  4243 | Sewer    | Reached skill level 6 in Long Blades
  4690 | D:5      | Entered Level 5 of the Dungeon
  4707 | D:5      | Reached skill level 7 in Long Blades
  4973 | D:5      | Reached XP level 8. HP: 55/70 MP: 7/7
  5083 | D:5      | Found a staircase to the Ecumenical Temple.
  5088 | Temple   | Entered the Ecumenical Temple
  5106 | Temple   | Became a worshipper of Gozag Ym Sagoz the Greedy
  5535 | D:6      | Found a broken altar of Ashenzari.
  5706 | D:6      | Found Rofitizoex's Antique Armour Shop.
  5812 | D:6      | Reached skill level 8 in Long Blades
  6321 | D:7      | Reached XP level 9. HP: 79/79 MP: 8/8
  6338 | D:7      | Reached skill level 9 in Long Blades
  6975 | D:7      | Reached skill level 10 in Long Blades
  7243 | D:7      | Identified a scroll of acquirement
  7243 | D:7      | Acquired the +9 sword of Zonguldrok {reap}
  7244 | D:7      | Found the +9 sword of Zonguldrok {reap}
  7925 | D:8      | Noticed Harold
  7960 | D:7      | HP: 3/80 [Harold/+0 short sword (10)]
  7961 | D:7      | Slain by Harold

Illustrated notes

Levels and vault maps discovered:
D:1:      mrwooster_arrival_statue, layout_loops_ring,
          chequers_ecumenical_altar_simple, minmay_surrounded
D:2:      layout_rooms, basic_altar, minmay_misc_feat_alley, uniq_natasha,
          uniq_robin
D:3:      layout_loops_ring
D:4:      layout_gridville, portal_sewer_entry_d, minmay_ruptured
D:5:      layout_rooms, temple_doors_e, minmay_misc_feat_cross
D:6:      layout_basic, ashenzari_conservatory_becter, serial_shops,
          nicolae_shop_waterfront
D:7:      layout_rooms, sigmund_army
D:8:      layout_cave_pools, uniq_joseph, uniq_harold
Temple:   nicolae_temple_the_god_donut

Skill      XL: |  1  2  3  4  5  6  7  8  9 |
---------------+----------------------------+-----
Fighting       | 4 5 6 7 |  7.6
Armour         | 4 5 6 7 |  7.5
Shields        | 4 5 7 8 |  8.5
Dodging        | 1 2 3 |  3.7
Long Blades    | 3 4 5 7 8 10 | 10.1
Stealth        | |  0.3

Action                   |  1- 3 |  4- 6 |  7- 9 || total
-------------------------+-------+-------+-------++-------
Melee: Long sword        |   118 |   125 |   239 ||   482
       Headbutt          |    15 |    22 |    55 ||    92
       Double sword      |       |       |     4 ||     4
  Use: Scroll            |     2 |     7 |     7 ||    16
       Potion            |     1 |       |     3 ||     4
 Stab: Distracted        |       |       |     1 ||     1
Armor: Scale mail        |    69 |    31 |       ||   100
       Skin              |    19 |       |       ||    19
       Ring mail         |       |    14 |   102 ||   116
Dodge: Dodged            |    50 |    44 |   105 ||   199
Block: Kite shield       |    80 |    59 |   182 ||   321
       Rpst.: Long sword |    14 |     8 |    20 ||    42
       Double sword      |       |       |     1 ||     1

Table legend: (Time is in decaauts)
 A = Elapsed time spent in this place.
 B = Non-inter-level travel time spent in this place.
 C = Inter-level travel time spent in this place.
 D = Time resting spent in this place.
 E = Time spent auto-exploring this place.
 F = Levels seen in this place.
 G = Mean time per level.
                   A        B        C        D        E       F      G
               +--------+--------+--------+--------+--------+-----+--------+
         Total |   8245 |   8156 |     89 |   2278 |   4077 |  10 |  824.5 |
       Dungeon |   7646 |   7557 |     89 |   2278 |   3831 |   8 |  955.8 |
        Temple |     63 |     63 |      0 |      0 |     15 |   1 |   63.0 |
         Sewer |    535 |    535 |      0 |      0 |    231 |   1 |  535.0 |
               +--------+--------+--------+--------+--------+-----+--------+

Top non-repeatable levels by time:
     D:1: 1987 daAuts
     D:7: 1494 daAuts
     D:6: 1127 daAuts
     D:2: 1075 daAuts
     D:3: 694 daAuts
     D:4: 649 daAuts
     D:5: 586 daAuts
   Sewer: 535 daAuts
  Temple: 63 daAuts
     D:8: 31 daAuts
